 Dungeon Crawl Stone Soup version 0.19.5 (webtiles) character file.

601 Kahvikuppo the Skirmisher (level 7, 0/81 HPs)
             Began as a Demonspawn Berserker on Apr 17, 2017.
             Was a Believer of Trog.
             Slain by a hound (4 damage)
             ... on level 5 of the Dungeon.
             The game lasted 00:21:06 (3612 turns).

Kahvikuppo the Skirmisher (Demonspawn Berserker)    Turns: 3612, Time: 00:21:07

Health: 0/81       AC:  2    Str: 23    XL:     7   Next: 18%
Magic:  7/7        EV: 11    Int: 10    God:    Trog [**....]
Gold:   113        SH:  0    Dex: 12    Spells: 0 memorised, 6 levels left

rFire  . . .     SeeInvis .     d - -1 dagger (curse)
rCold  . . .     Gourm    .     z - +0 scale mail
rNeg   . . .     Faith    .     (no shield)
rPois  .         Spirit   .     (helmet unavailable)
rElec  .         Reflect  .     B - +0 cloak (curse)
rCorr  .         Harm     .     A - +0 pair of gloves
MR     ++...                    y - +0 pair of boots
Stlth  ..........               (no amulet)
                                (no ring)
                                (no ring)

@: berserking, corroded, regenerating, very quick
A: claws 1, horns 3, spiny 1
a: Berserk, Trog's Hand, Burn Spellbooks, Renounce Religion


You were on level 5 of the Dungeon.
You worshipped Trog.
Trog was pleased with you.
You were very hungry.

You visited 1 branch of the dungeon, and saw 5 of its levels.

You collected 113 gold pieces.

Inventory:

Hand Weapons
 d - a cursed -1 dagger (weapon)
 p - a +0 spear
 x - a +0 falchion
Armour
 q - a +0 leather armour
 y - a +0 pair of boots (worn)
 z - a +0 scale mail (worn)
 A - a +0 pair of gloves (worn)
 B - a cursed +0 cloak (worn)
Wands
 f - a wand of confusion (32/48)
Scrolls
 e - 3 scrolls of immolation {unknown}
 h - a scroll of blinking {unknown}
 j - 2 scrolls of remove curse {unknown}
 k - 2 scrolls of teleportation {unknown}
 l - a scroll of noise {unknown}
 n - a scroll of magic mapping {unknown}
 r - 2 scrolls of recharging {unknown}
 u - a scroll of enchant armour {unknown}
 v - 2 scrolls of identify {unknown}
 C - a scroll of fear {unknown}
Potions
 a - 2 potions of berserk rage {unknown}
 i - a potion of brilliance {unknown}
 m - 2 potions of magic
 t - a potion of haste
Comestibles
 b - a meat ration
 c - 2 bread rations
 s - 2 beef jerkies


   Skills:
 + Level 4.3 Fighting
 + Level 3.5 Long Blades
 + Level 3.6 Polearms
 + Level 3.1 Armour
 + Level 3.6 Dodging
 + Level 1.4 Stealth


You had 6 spell levels left.
You didn't know any spells.

Dungeon Overview and Level Annotations

Branches:
Dungeon (5/15)
 Temple: D:4-7

Altars:


Innate Abilities, Weirdness & Mutations

You have sharp fingernails.
You have a pair of large horns on your head.
You are partially covered in sharp spines.


Message History

You feel resistant to hostile enchantments.
You feel somewhat more hungry. The hound is struck by your spines.
The hound bites you.
* * * LOW HITPOINT WARNING * * *
The worker ant is struck by your spines.
The worker ant bites you.
* * * LOW HITPOINT WARNING * * *
The howler monkey skeleton closely misses you.
A red film seems to cover your vision as you go berserk!
You feel yourself moving faster!
You feel mighty!
You are feeling very hungry.
The hound is struck by your spines. The hound bites you.
* * * LOW HITPOINT WARNING * * *
The worker ant is struck by your spines.
You kill the worker ant!
Trog accepts your kill.
The howler monkey skeleton barely misses you.
The hound stops to sniff the ground.
The hound is struck by your spines. The hound bites you.
You die...

##......#....#.....# ##
.............#.....# #.
.........# #.......# #.
...$..... #......####.
.#....... #.........#.
........# #...........
......Zh#####...........
.......@....?...........
........†##.##.........#
##.!..................##
#......#...#...........
#.......##.##...<....##
......... ..............
#........ .#............
##......................


You could see a hound and a howler monkey skeleton.

Vanquished Creatures
  A phantom (D:4)
  A scorpion (D:5)
  2 howler monkeys (D:4)
  A gnoll shaman (D:4)
  An orc priest (D:5)
  A hound (D:5)
  2 jellies (D:5)
  A centaur skeleton (D:4)
  An orc wizard (D:5)
  3 worker ants
  3 adders
  A shadow imp (D:5)
  An ooze (D:2)
  An adder skeleton (D:4)
  3 worms
  2 leopard geckos
  6 orcs
  7 bats
  4 giant cockroaches
  5 goblins
  5 hobgoblins
  3 jackals (D:3)
  A quokka (D:2)
  4 frilled lizards
  6 kobolds
  A leopard gecko skeleton (D:5)
  5 rats
72 creatures vanquished.

Notes
Turn   | Place    | Note
-------+----------+-------------------------------------------
     0 | D:1      | Kahvikuppo the Demonspawn Berserker began the quest for the Orb.
     0 | D:1      | Reached XP level 1. HP: 18/18 MP: 1/1
   271 | D:1      | Gained mutation: You have a pair of small horns on your head. [demonic ancestry]
   271 | D:1      | Reached XP level 2. HP: 24/24 MP: 2/2
   875 | D:2      | Gained mutation: You have a pair of horns on your head. [demonic ancestry]
   875 | D:2      | Reached XP level 3. HP: 28/29 MP: 3/3
  1427 | D:3      | Reached ** piety under Trog
  1442 | D:3      | Reached skill level 1 in Stealth
  2147 | D:3      | Reached XP level 4. HP: 23/35 MP: 4/4
  2371 | D:4      | Noticed a phantom
  2414 | D:4      | Killed a phantom
  2414 | D:4      | Reached skill level 1 in Polearms
  2414 | D:4      | Gained mutation: You have sharp fingernails. [demonic ancestry]
  2414 | D:4      | Reached XP level 5. HP: 12/41 MP: 5/5
  2917 | D:4      | Gained mutation: You are partially covered in sharp spines. [demonic ancestry]
  2917 | D:4      | Reached XP level 6. HP: 33/48 MP: 6/6
  2981 | D:4      | Reached skill level 4 in Fighting
  2997 | D:5      | Entered Level 5 of the Dungeon
  2999 | D:5      | HP: 1/48 [acid (9)]
  3363 | D:5      | Gained mutation: You have a pair of large horns on your head. [demonic ancestry]
  3363 | D:5      | Reached XP level 7. HP: 53/54 MP: 7/7
  3612 | D:5      | HP: 4/81 [hound (1)]
  3612 | D:5      | Slain by a hound

Skill      XL: |  1  2  3  4  5  6  7 |
---------------+----------------------+-----
Long Blades    | 3 |  3.5
Dodging        | 2 3 |  3.6
Stealth        | 1 |  1.4
Armour         | 2 3 |  3.1
Polearms       | 1 2 3 |  3.6
Fighting       | 4 |  4.3

Action                   |  1- 3 |  4- 6 |  7- 9 || total
-------------------------+-------+-------+-------++-------
Melee: Falchion          |    44 |       |       ||    44
       Headbutt          |    18 |    23 |     1 ||    42
       Spear             |    97 |    98 |       ||   195
       Dagger            |       |       |    28 ||    28
Invok: Berserk           |     1 |     2 |     1 ||     4
       Trog's Hand       |       |     3 |     1 ||     4
  Use: Potion            |       |     4 |       ||     4
 Stab: Sleeping          |     4 |       |       ||     4
  Eat: Meat ration       |     1 |     1 |       ||     2
       Pizza             |       |     2 |       ||     2
Armor: Animal skin       |    19 |       |       ||    19
       Leather armour    |    28 |    33 |       ||    61
       Scale mail        |       |       |    10 ||    10
Dodge: Dodged            |   109 |    58 |    13 ||   180
       Rpst.: Falchion   |    18 |       |       ||    18
